 Dungeon Crawl Stone Soup version 0.28.0-1-gb440e238dd (webtiles) character file.

Game seed: 10064126156893532574

4464 issech the Basher (level 10, 0/90 HPs)
             Began as a Troll Monk on Feb 26, 2022.
             Was a Priest of Hepliaklqana.
             Slain by an orc warrior (4 damage)
             ... in a bailey.
             The game lasted 00:27:48 (6979 turns).

issech the Basher (Troll Monk)                      Turns: 6979, Time: 00:27:49

Health: 0/90       AC:  5    Str: 21    XL:     10   Next: 15%
Magic:  9/9        EV: 12    Int:  6    God:    Hepliaklqana [***...]
Gold:   409        SH:  0    Dex: 16    Spells: 9/9 levels left

rFire   . . .      SeeInvis .   K - +0 giant spiked club (venom)
rCold   . . .      Faith    .   (shield currently unavailable)
rNeg    . . .      Spirit   .   b - +0 robe
rPois   .          Reflect  .   (helmet restricted)
rElec   .          Harm     .   T - +0 cloak
rCorr   .          Rampage  .   (gloves unavailable)
Will    .....                   (boots unavailable)
Stlth   ++........              (no amulet)
HPRegen 1.05/turn               (no ring)
MPRegen 0.11/turn               (no ring)

@: studying Throwing
A: reduced essence, large, unfitting armour, claws 3, regeneration 1, shaggy fur
1, tough skin 1
a: Renounce Religion, Recall Ancestor, Ancestor Identity, Transference


You were in a bailey.
You worshipped Hepliaklqana.
Hepliaklqana was most pleased with you.
You visited 2 branches of the dungeon, and saw 9 of its levels.
You also visited: Ossuary and Bailey.

You collected 486 gold pieces.
You spent 77 gold pieces at shops.

Inventory:

Hand Weapons
 a - a +0 mace
 n - a +0 whip of draining
 r - a +0 flail
 s - a +3 short sword
 v - a +0 giant club
 K - a +0 giant spiked club of venom (weapon)
 M - a +3 hand axe
 R - a +2 whip of flaming
 U - a +1 short sword of holy wrath
 V - a +1 whip of venom
Missiles
 c - 220 stones
 f - 63 sling bullets
 k - 9 boomerangs
 o - 24 poisoned darts
 z - 48 arrows
 B - 28 bolts
 D - 7 throwing nets
 E - 5 large rocks (quivered)
 L - 4 javelins
Armour
 b - a +0 robe (worn)
 q - a +0 cloak
 T - a +0 cloak (worn)
Magical Staves
 H - a staff of air
Wands
 w - a wand of iceblast (8)
 J - a wand of paralysis (6)
 W - a wand of mindburst (14)
Scrolls
 h - 4 scrolls of fog
 i - a scroll of torment
 j - 4 scrolls of teleportation
 l - a scroll of brand weapon
 t - 4 scrolls of vulnerability
 x - a scroll of holy word
 y - a scroll of enchant weapon
 C - a scroll of blinking
 G - 2 scrolls of immolation
 N - 4 scrolls of fear
 Q - a scroll of enchant armour
 S - a scroll of identify
Potions
 d - 2 potions of mutation {unknown}
 e - 3 potions of curing {unknown}
 g - a potion of berserk rage {unknown}
 m - 2 potions of attraction {unknown}
 p - 4 potions of degeneration {unknown}
 u - 3 potions of lignification {unknown}
 A - a potion of heal wounds {unknown}
 F - a potion of resistance {unknown}
 I - a potion of brilliance {unknown}
 O - a potion of flight {unknown}
 P - a potion of haste {unknown}


   Skills:
 + Level 6.4 Fighting
 + Level 10.1 Maces & Flails
 + Level 2.3 Throwing
 + Level 5.5 Dodging
 + Level 2.8 Stealth


You had 9 spell levels left.
You didn't know any spells.
Your spell library contained the following spells:

 Spells                   Type           Power      Damage    Failure   Level
 Static Discharge         Conj/Air       0%         N/A       58%         2
 Lightning Bolt           Conj/Air       0%         1d11      100%        5
 Maxwell's Capacitive Co  Air            0%         ∞         100%        8


Dungeon Overview and Level Annotations

Branches:
Dungeon (8/15)             Temple (1/1) D:5         Ossuary (visited)
 Bailey (1/1)
   Lair: D:8-11

Altars:
Ashenzari
Cheibriados
Dithmenos
Elyvilon
Gozag
Hepliaklqana
Kikubaaqudgha
Makhleb
Nemelex Xobeh
Okawaru
Qazlal
Ru
Sif Muna
Uskayaw
Vehumet
Wu Jian
Xom
Yredelemnul
The Shining One
Beogh

Shops:
D:4 [   D:6 ?


Innate Abilities, Weirdness & Mutations

Your life essence is reduced to manifest your ancestor. (-10% HP)
You are too large for most types of armour.
You have claws for hands.
Your natural rate of healing is unusually fast.
You are covered in fur. (AC +1)
You have tough skin. (AC +1)


Message History

You kill the orc!
The hobgoblin hits you with a +0 war axe!
The hobgoblin barely misses Caesarion.
You hit the hobgoblin.
The hobgoblin is poisoned.
The hobgoblin is heavily wounded.
The hobgoblin hits you with a +0 hand axe!
Caesarion barely misses the hobgoblin.
The hobgoblin hits you with a +0 war axe.
The hobgoblin closely misses Caesarion.
The orc warrior hits you with a +0 war axe!
The orc warrior hits Caesarion with a +0 war axe!
The hobgoblin barely misses you.
You sock the hobgoblin!
You kill the hobgoblin!
Caesarion closely misses the orc warrior.
The hobgoblin closely misses you.
The orc warrior hits you with a +0 war axe!
The orc warrior closely misses Caesarion.
Caesarion barely misses the orc warrior.
The hobgoblin hits you with a +0 hand axe.
The orc warrior hits you with a +0 war axe!
The orc warrior hits Caesarion with a +0 war axe!
Items here: )) [[ ††.
You closely miss the orc warrior.
Caesarion closely misses the orc warrior.
The hobgoblin hits you with a +0 hand axe.
The orc warrior hits you with a +0 war axe!
* * * LOW HITPOINT WARNING * * *
The orc warrior hits Caesarion with a +0 war axe!
Caesarion barely misses the orc warrior.
You closely miss the orc warrior.
The hobgoblin hits you with a +0 hand axe.
* * * LOW HITPOINT WARNING * * *
The orc warrior hits you with a +0 war axe!
* * * LOW HITPOINT WARNING * * *
The orc warrior hits Caesarion with a +0 war axe.
Caesarion gestures at the orc warrior while chanting.
The stone arrow hits the orc warrior!
The hobgoblin misses you.
The orc warrior hits you with a +0 war axe.
You die...

#≈≈≈≈≈# #≈≈≈≈≈#
###≈≈≈≈≈# #.≈≈≈≈≈≈#
#.≈≈≈≈≈.######
####++#.≈≈≈≈≈......#
#.....#.≈≈≈≈≈......###
#....oR..............#
#..⌠.@'..........∩..∩#
#....g'..............#
#.....#.≈≈≈≈≈......###
####++#.≈≈≈≈≈......#
#.≈≈≈≈≈.######
#.≈≈≈≈≈≈# ###≈≈≈≈≈#
#≈≈≈≈≈# #≈≈≈≈≈#


You could see the friendly Caesarion the battlemage, an orc warrior (ally
target) and a hobgoblin.

Vanquished Creatures
  Harold (D:7)
  Pikel (D:7)
  A komodo dragon (D:6)
  An orc warrior (D:8)
  A sky beast (D:6)
  2 necrophages
  An ogre (D:4)
  A lemure (D:7)
  4 scorpions
  A water moccasin zombie (D:3)
  A water moccasin skeleton (D:5)
  2 centaur zombies (Ossuary)
  A human zombie (Ossuary)
  2 jellies
  7 orc priests
  2 hounds
  2 centaur skeletons (D:4)
  2 iguanas
  3 scorpion zombies (Ossuary)
  A mummy (Ossuary)
  A howler monkey zombie (D:6)
  7 gnolls
  2 howler monkey skeletons
  10 adders
  A shadow imp (D:6)
  2 worms
  2 dart slugs
  11 orcs
  3 bats
  5 endoplasms
  2 giant cockroaches
  10 goblins
  11 hobgoblins
  7 kobolds
  A quokka (D:5)
  9 ball pythons
  A goblin zombie (Ossuary)
  2 hobgoblin zombies (Ossuary)
  A jackal zombie (D:6)
  A kobold zombie (Ossuary)
  An orc zombie (Ossuary)
  6 rats
133 creatures vanquished.

Vanquished Creatures (collateral kills)
  2 water moccasins (D:7)
  2 ogres
  A necrophage (D:7)
  2 lemures (D:7)
  A bullfrog (D:6)
  A gnoll sergeant (D:7)
  8 scorpions (Ossuary)
  An electric eel (Bailey)
  A jelly (D:7)
  A hound (D:6)
  An orc priest (D:8)
  A gnoll shaman (D:6)
  An iguana (D:5)
  3 scorpion zombies (Ossuary)
  An orc wizard (D:6)
  2 mummies (Ossuary)
  An adder (D:5)
  7 gnolls
  An orc (D:8)
  A goblin (D:8)
  A kobold zombie (Ossuary)
40 creatures vanquished.

Vanquished Creatures (others)
  A battlemage (D:6)
1 creature vanquished.

Grand Total: 174 creatures vanquished

Notes
Turn   | Place    | Note
-------+----------+-------------------------------------------
     0 | D:1      | issech the Troll Monk began the quest for the Orb.
     0 | D:1      | Reached XP level 1. HP: 22/22 MP: 0/0
   179 | D:1      | Found a shimmering altar of Xom.
   189 | D:1      | Reached skill level 3 in Maces & Flails
   189 | D:1      | Reached XP level 2. HP: 29/29 MP: 1/1
  1000 | D:2      | Reached XP level 3. HP: 31/36 MP: 2/2
  1186 | D:2      | Identified the +0 pair of gloves of Words of Power {rElec}
  1312 | D:2      | Reached XP level 4. HP: 40/45 MP: 3/3
  1880 | D:3      | Reached skill level 4 in Maces & Flails
  1880 | D:3      | Reached XP level 5. HP: 42/53 MP: 4/4
  2300 | D:3      | Reached XP level 6. HP: 47/62 MP: 5/5
  2859 | D:4      | Reached skill level 5 in Maces & Flails
  2859 | D:4      | Reached XP level 7. HP: 64/70 MP: 6/6
  3187 | D:4      | Found Qieclav's Antique Armour Shoppe.
  3343 | D:5      | Entered Level 5 of the Dungeon
  3571 | D:5      | Found a staircase to the Ecumenical Temple.
  3580 | Temple   | Entered the Ecumenical Temple
  3602 | Temple   | Became a worshipper of Hepliaklqana the Forgotten
  3602 | Temple   | Reached * piety under Hepliaklqana
  3602 | Temple   | Reached ** piety under Hepliaklqana
  3603 | Temple   | Remembered your ancestor Caesarion as a battlemage
  3812 | D:5      | Reached skill level 6 in Maces & Flails
  3936 | D:5      | Found a basalt altar of Yredelemnul.
  4085 | D:6      | Reached skill level 1 in Throwing
  4106 | D:6      | Found a broken altar of Ashenzari.
  4130 | D:6      | Reached XP level 8. HP: 20/71 MP: 7/7
  4135 | D:6      | Found Vanarhyt's Magic Scroll Shop.
  4221 | D:6      | Bought a scroll of identify for 28 gold pieces
  4221 | D:6      | Bought a scroll of magic mapping for 49 gold pieces
  4232 | D:6      | Found an iron altar of Okawaru.
  4280 | D:6      | Found a sand-covered staircase.
  4304 | Ossuary  | Entered an ossuary
  4429 | Ossuary  | Reached skill level 5 in Fighting
  4468 | Ossuary  | Reached skill level 7 in Maces & Flails
  4657 | Ossuary  | Reached XP level 9. HP: 69/79 MP: 8/8
  4659 | Ossuary  | Reached skill level 8 in Maces & Flails
  4970 | D:6      | Noticed a komodo dragon
  5048 | D:6      | Killed a komodo dragon
  5049 | D:6      | Reached skill level 5 in Dodging
  5912 | D:7      | Noticed Pikel
  5917 | D:7      | Killed Pikel
  5918 | D:7      | Reached skill level 9 in Maces & Flails
  6064 | D:7      | Reached *** piety under Hepliaklqana
  6164 | D:7      | Noticed Harold
  6171 | D:7      | Killed Harold
  6172 | D:7      | Reached XP level 10. HP: 26/88 MP: 9/9
  6519 | D:7      | Reached skill level 10 in Maces & Flails
  6898 | D:8      | Found a flagged portal.
  6910 | Bailey   | Entered a bailey
  6979 | Bailey   | HP: 4/90 [orc warrior (10)]
  6979 | Bailey   | Slain by an orc warrior

Illustrated notes

Levels and vault maps discovered:
D:1:      dpeg_arrival_central, layout_loops_corners, grunt_decor_fettered,
          minmay_hexomino_r4
D:2:      layout_loops_cross
D:3:      layout_rooms
D:4:      layout_loops_cross, serial_shops, nicolae_shop_behind_doors
D:5:      layout_rooms, mainiacjoe_overflow_alcove_4,
          minmay_temple_entry_enclosed_plants
D:6:      minmay_chambers_of_fours, layout_basic, lemuel_tele_altar,
          mainiacjoe_overflow_small_starburst, enter_ossuary_3, serial_shops,
          nicolae_shop_trees
D:7:      layout_loops_corners, uniq_pikel, uniq_harold
D:8:      layout_cave_pools, lemuel_coloured_pillars_altar,
          chequers_temple_overflow_statue_of_worship, david_lair_generic,
          enter_bailey_3, david_defended_altar_orc
Temple:   lightli_temple_of_artemis
Bailey:   bailey_axe_of_yendor_kennysheep, bailey

Skill      XL: |  1  2  3  4  5  6  7  8  9 10 |
---------------+-------------------------------+-----
Maces & Flails | 3 4 5 6 7 9 10 | 10.1
Fighting       | 3 4 5 6 |  6.4
Dodging        | 3 4 5 |  5.5
Throwing       | 1 2 |  2.3
Stealth        | 2 |  2.8

Action                   |  1- 3 |  4- 6 |  7- 9 | 10-12 || total
-------------------------+-------+-------+-------+-------++-------
Melee: Mace              |    87 |   138 |       |       ||   225
       Punch             |       |     6 |       |       ||     6
       Flail             |       |    56 |       |       ||    56
       Giant club        |       |     9 |    38 |       ||    47
       Giant spiked club |       |       |   126 |    32 ||   158
Throw: Large rock        |       |       |    12 |       ||    12
Invok: Ancestor Life: Ba |       |       |     1 |       ||     1
  Use: Scroll            |       |       |    16 |       ||    16
 Stab: Sleeping          |     2 |       |     5 |       ||     7
Armor: Robe              |    29 |    88 |    44 |     4 ||   165
Dodge: Dodged            |    51 |   154 |   104 |    26 ||   335
